AoeStats
← FrontBum

Arabia

503023826Analyzed
1v1 RM · 1mo ago on Aug 30, 2026· 18m 17s· 2 players
Game mode
Random Map
Map size
Tiny (2 player)
Population
200
Speed
Normal
Resources
Standard
Victory
Conquest
Starting age
Dark Age
Ending age
Imperial Age
RankedLock teamsTeams togetherTeam positionsShared explorationLock speedFull tech treeHidden civsTurbo modeCheats
Victory
Defeat
🇲🇽 Spanish · Mexico
800
+16
🇬🇧 Portuguese · United Kingdom
791
-39
FrontBum
5:38 Loom
13:31 Feudal Age
17:20 Man-at-Arms
Terminator
11:45 Feudal Age
10:01 Loom
16:27 Castle Age
16:20 Double-Bit Axe
16:44 Scale Barding Armor
Connection lost

Rejoining the realm…

Still unreachable

The connection could not be restored.

Session expired

The server has moved on; the page needs a fresh start.